 Dungeon Crawl Stone Soup version 0.26-a0-708-g17f3b190f9 (webtiles) character file.

Game seed: 17984890529491598897

841 dcgrp the Skirmisher (level 8, -1/60 HPs)
             Began as a Formicid Warper on Oct 29, 2020.
             Slain by a sky beast (4 damage)
             ... on level 5 of the Dungeon.
             The game lasted 00:12:57 (5923 turns).

dcgrp the Skirmisher (Formicid Warper)              Turns: 5923, Time: 00:12:57

Health: -1/60      AC:  5    Str: 17    XL:     8   Next: 19%
Magic:  12/12      EV:  8    Int: 20    God:
Gold:   333        SH: 15    Dex: 10    Spells: 10/13 levels left

rFire    . . .     SeeInvis +   r - +0 whip (elec)
rCold    . . .     Faith    .   e - +2 tower shield
rNeg     . . .     Spirit   .   h - +0 ring mail
rPois    .         Reflect  .   (helmet unavailable)
rElec    .         Harm     .   (no cloak)
rCorr    .         Rampage  .   (no gloves)
MR       .....                  (no boots)
Stlth    ..........             t - amulet of inaccuracy (curse)
HPRegen  0.20/turn              (no ring)
MPRegen  0.13/turn              g - +6 ring of intelligence

@: no status effects
A: permanent stasis, dig shafts and tunnels, four strong arms, antennae 3
a: Dig, Shaft Self


You were on level 5 of the Dungeon.
You visited 1 branch of the dungeon, and saw 5 of its levels.

You collected 333 gold pieces.

Inventory:

Hand Weapons
 i - a +4 short sword of speed
 r - a +0 whip of electrocution (weapon)
Missiles
 c - 4 curare-tipped darts
 d - 5 boomerangs of dispersal
 p - 9 poisoned darts (quivered)
Armour
 e - a +2 tower shield (worn)
 h - a +0 ring mail (worn)
Jewellery
 g - a +6 ring of intelligence (right hand)
 t - a cursed amulet of inaccuracy (around neck)
 u - an uncursed amulet of reflection {unknown}
Wands
 n - a wand of polymorph (10)
Scrolls
 k - a scroll of fog
Potions
 a - a potion of stabbing
 b - 3 potions of flight
 j - 2 potions of berserk rage {unknown}
 l - a potion of lignification {unknown}
 q - a potion of mutation {unknown}
 v - a potion of brilliance {unknown}


   Skills:
 + Level 4.1 Fighting
 - Level 1.0 Short Blades
   Level 3.2(3.4) Axes
 + Level 1.3(2.5) Maces & Flails
 - Level 1.0 Throwing
 + Level 3.8 Armour
 + Level 3.5 Dodging
 + Level 3.2 Shields
 + Level 3.2 Spellcasting
 + Level 3.4 Translocations
 + Level 2.5 Evocations


You had 10 spell levels left.
You knew the following spells:

 Your Spells              Type           Power        Failure   Level
a - Lesser Beckoning      Tloc           ###.......   92%         3

Your spell library contained the following spells:

 Spells                   Type           Power        Failure   Level
 Gell's Gravitas          Tloc           ###.......   92%         3
 Teleport Other           Tloc           ###.....     92%         3
 Animate Skeleton         Necr           #.....       97%         1
 Freeze                   Ice            #...         97%         1
 Frozen Ramparts          Ice            #.....       100%        3
 Ozocubu's Armour         Ice            #.......     100%        3
 Hailstorm                Conj/Ice       #.......     100%        4
 Passage of Golubria      Tloc           N/A          100%        4
 Summon Ice Beast         Ice/Summ       #.......     100%        4
 Blink                    Tloc           Unusable     N/A         2

Dungeon Overview and Level Annotations

Branches:
Dungeon (5/15)
 Temple: D:4-7

Altars:
Dithmenos
Gozag
Kikubaaqudgha
Sif Muna
Vehumet
Xom
The Shining One


Innate Abilities, Weirdness & Mutations

You cannot be hasted, slowed, berserked, paralysed or teleported.
You can dig through walls and to a lower floor.
Your four strong arms can wield two-handed weapons with a shield.
You have a pair of large antennae on your head. (SInv)


Message History

You miss the sky beast.
The sky beast is almost dead.
You block the sky beast's attack.
You closely miss the sky beast.
The sky beast is almost dead.
The sky beast barely misses you.
You hit the sky beast.
The sky beast is almost dead.
The sky beast hits you.
* * * LOW HITPOINT WARNING * * *
The sky beast shocks you.
* * * LOW HITPOINT WARNING * * *
You block the sky beast's attack.
You miss the sky beast.
The sky beast is almost dead.
The sky beast hits you but does no damage.
You closely miss the sky beast.
The sky beast is almost dead.
The sky beast hits you.
You die...

......................
.....##..>............
.....##...............
.....##.......#...######
#######.................
....# #.................
....###.................
...............)†......#
...............#@#.....
...............#Y#.....
###.............o≈.....+
#............#.#.....#
#............#.#......
#............... .....
#..........=...=....!.
###...........#........#
..#...........#........#


You could see a sky beast (invisible) and an orc.

Vanquished Creatures
  Grinder (D:4)
  A phantom (D:4)
  An ogre (D:4)
  A howler monkey (D:3)
  A hound (D:4)
  3 orc priests
  An iguana (D:5)
  2 orc wizards
  Terence (D:2)
  2 worker ants
  8 adders
  A white imp (D:5)
  2 oozes (D:1)
  5 worms
  A dart slug (D:4)
  14 orcs
  A ball python (D:3)
  4 giant cockroaches
  2 goblins
  3 hobgoblins
  3 jackals (D:3)
  3 quokkas
  6 bats
  5 frilled lizards
  6 kobolds
  A leopard gecko skeleton (D:4)
  7 rats
86 creatures vanquished.

Notes
Turn   | Place    | Note
-------+----------+-------------------------------------------
     0 | D:1      | dcgrp the Formicid Warper began the quest for the Orb.
     0 | D:1      | Reached XP level 1. HP: 16/16 MP: 3/3
   266 | D:1      | Reached XP level 2. HP: 9/23 MP: 5/5
   801 | D:1      | Reached XP level 3. HP: 28/28 MP: 6/6
  1242 | D:2      | Found a shadowy altar of Dithmenos.
  1640 | D:2      | Learned a level 3 spell: Lesser Beckoning
  1760 | D:2      | Reached XP level 4. HP: 34/34 MP: 7/7
  1945 | D:2      | Noticed Terence
  1955 | D:2      | Killed Terence
  2485 | D:3      | Reached skill level 3 in Fighting
  2490 | D:3      | Reached XP level 5. HP: 34/41 MP: 8/8
  2641 | D:3      | Found a shimmering altar of Xom.
  2655 | D:3      | Reached skill level 1 in Shields
  2705 | D:3      | Reached skill level 1 in Short Blades
  3210 | D:3      | Reached XP level 6. HP: 47/47 MP: 9/9
  3526 | D:3      | Found an ancient bone altar of Kikubaaqudgha.
  3526 | D:3      | Found a shimmering blue altar of Sif Muna.
  3528 | D:3      | Found a radiant altar of Vehumet.
  3530 | D:3      | Identified Kikubaaqudgha's Reference Book on Necromancy
  3730 | D:4      | Noticed a phantom
  3849 | D:4      | Killed a phantom
  3849 | D:4      | Reached skill level 1 in Evocations
  4013 | D:4      | Reached XP level 7. HP: 50/52 MP: 10/10
  4174 | D:4      | Noticed Grinder
  4183 | D:4      | Killed Grinder
  4424 | D:4      | Found a glowing golden altar of the Shining One.
  4849 | D:4      | Reached skill level 4 in Fighting
  4849 | D:4      | Reached skill level 1 in Maces & Flails
  4849 | D:4      | Reached XP level 8. HP: 38/60 MP: 12/12
  5137 | D:5      | Entered Level 5 of the Dungeon
  5419 | D:5      | Found an opulent altar of Gozag.
  5921 | D:5      | HP: 2/60 [sky beast (5)]
  5923 | D:5      | Slain by a sky beast

Illustrated notes

Levels and vault maps discovered:
D:1:      nicolae_arrival_washed_ashore, layout_loops_corners, hex_tiny,
          chequers_serial_rivers_marsh, minmay_misc_feat_more_columns,
          corexii_hall_statues_t, hex_large
D:2:      layout_loops_ring, lemuel_crystal_altar, uniq_terence
D:3:      layout_rooms, grunt_temple_overflow_magic_moments,
          brannock_xom_greatest_gift
D:4:      layout_basic, overflow_temple_1_default, uniq_grinder
D:5:      layout_basic, okawaru_gym_becter, nicolae_gozag_seed_capital,
          dk_noncrumbling_2

Skill      XL: |  1  2  3  4  5  6  7 |
---------------+----------------------+-----
Dodging        | 2 3 |  3.5
Armour         | 2 3 |  3.8
Axes           | 3 |  3.2
Fighting       | 3 4 |  4.1
Shields        | 1 2 3 |  3.2
Short Blades   | 1 |  1.0
Evocations     | 1 2 |  2.5
Translocations | 3 |  3.4
Spellcasting   | 3 |  3.2
Maces & Flails | 1 |  1.3
Throwing       | |  1.0

Action                   |  1- 3 |  4- 6 |  7- 9 || total
-------------------------+-------+-------+-------++-------
Melee: Hand axe          |    87 |    11 |       ||    98
       Short sword       |       |   177 |    29 ||   206
       Whip              |       |       |   119 ||   119
Throw: Dart              |       |       |     2 ||     2
  Use: Scroll            |     4 |     4 |     4 ||    12
       Potion            |       |       |     3 ||     3
 Stab: Sleeping          |     1 |       |       ||     1
Armor: Leather armour    |     8 |       |       ||     8
       Ring mail         |    13 |    58 |    32 ||   103
Dodge: Dodged            |    58 |    61 |    39 ||   158
Block: Kite shield       |       |    62 |    24 ||    86
       Tower shield      |       |       |    72 ||    72

Table legend: (Time is in decaauts)
 A = Elapsed time spent in this place.
 B = Non-inter-level travel time spent in this place.
 C = Inter-level travel time spent in this place.
 D = Time resting spent in this place.
 E = Time spent auto-exploring this place.
 F = Levels seen in this place.
 G = Mean time per level.
                   A        B        C        D        E       F      G
               +--------+--------+--------+--------+--------+-----+--------+
         Total |   5909 |   5735 |    174 |    251 |   4368 |   5 | 1181.8 |
       Dungeon |   5909 |   5735 |    174 |    251 |   4368 |   5 | 1181.8 |
               +--------+--------+--------+--------+--------+-----+--------+

Top non-repeatable levels by time:
     D:4: 1480 daAuts
     D:1: 1245 daAuts
     D:2: 1238 daAuts
     D:3: 1147 daAuts
     D:5: 796 daAuts
